[ PARTIDA AOE2 · #465721961 ]
UnrankedYurchen vs Spanish
[ ANÁLISIS DE REPETICIÓN · EXTRAÍDO DE LA PARTIDA GRABADA ]
Feudal
11:38
Castillos
27:18
Imperial
—
| APM promedio | 35.9 |
| APM pico | 88 |
| eAPM promedio | 16.0 |
| Aldeanos / militares | 41 / 13 |
Foco
⚔️ 37.7% · 🌾 62.3%
Scout Cavalry ×12 · Fishing Ship ×6 · Spearman ×1
Feudal
12:41
Castillos
17:01
Imperial
—
| APM promedio | 41.5 |
| APM pico | 106 |
| eAPM promedio | 17.8 |
| Aldeanos / militares | 116 / 17 |
Foco
⚔️ 25.5% · 🌾 74.5%
Conquistador ×17 · Fishing Ship ×8
Feudal
13:38
Castillos
17:00
Imperial
—
| APM promedio | 40.7 |
| APM pico | 70 |
| eAPM promedio | 20.7 |
| Aldeanos / militares | 91 / 40 |
Foco
⚔️ 31.3% · 🌾 68.7%
Fishing Ship ×13 · Knight ×12 · Fire Galley ×10 · Camel Scout ×9 · Unknown (2626) ×6 · Monk ×4
Feudal
12:36
Castillos
28:24
Imperial
—
| APM promedio | 39.4 |
| APM pico | 72 |
| eAPM promedio | 22.6 |
| Aldeanos / militares | 76 / 9 |
Foco
⚔️ 36.4% · 🌾 63.6%
War Wagon ×9 · Fishing Ship ×9 · Unknown (2626) ×6
Feudal
13:16
Castillos
16:57
Imperial
—
| APM promedio | 38.8 |
| APM pico | 69 |
| eAPM promedio | 21.2 |
| Aldeanos / militares | 95 / 42 |
Foco
⚔️ 19.0% · 🌾 81.0%
Rattan Archer ×40 · Fishing Ship ×14 · Monk ×2
Feudal
14:58
Castillos
19:43
Imperial
—
| APM promedio | 44.1 |
| APM pico | 72 |
| eAPM promedio | 30.4 |
| Aldeanos / militares | 136 / 6 |
Foco
⚔️ 36.8% · 🌾 63.2%
Unknown (1949) ×33 · Unknown (2626) ×25 · Fishing Ship ×21 · Scorpion ×4 · Mangonel ×2
Feudal
13:28
Castillos
17:08
Imperial
—
| APM promedio | 40.8 |
| APM pico | 81 |
| eAPM promedio | 16.7 |
| Aldeanos / militares | 89 / 28 |
Foco
⚔️ 29.4% · 🌾 70.6%
Mangudai ×28 · Fishing Ship ×12
Feudal
13:16
Castillos
17:11
Imperial
—
| APM promedio | 48.6 |
| APM pico | 129 |
| eAPM promedio | 29.0 |
| Aldeanos / militares | 132 / 34 |
Foco
⚔️ 43.6% · 🌾 56.4%
Steppe Lancer ×9 · Mangudai ×7 · Monk ×6 · Fishing Ship ×6 · Battering Ram ×6 · Scout Cavalry ×4
Mapa de la partida
Recursos iniciales + cada clic de construcción. Líneas = muros · curvas = relieve. ◆ oro · ⬟ piedra · ● bayas · ✦ reliquia · ◌ hueco del cierre
Inputs por minuto
— TheRyan - - apNEA
Build order — TheRyan
99 acciones detectadas en el replay
| 0:09 | Construir | Town Center |
| 1:01 | Construir | Dock |
| 1:04 | Construir | Palisade Wall |
| 1:05 | Construir | Palisade Wall |
| 2:30 | Crear | Villager (Male) |
| 2:30 | Crear | Villager (Male) |
| 2:31 | Crear | Villager (Male) |
| 2:31 | Crear | Villager (Male) |
| 3:00 | Construir | House |
| 3:47 | Crear | Villager (Male) |
| 3:47 | Crear | Villager (Male) |
| 4:07 | Crear | Fishing Ship |
| 4:39 | Crear | Villager (Male) |
| 4:42 | Construir | House |
| 5:14 | Crear | Fishing Ship |
| 5:17 | Crear | Villager (Male) |
| 5:48 | Crear | Villager (Male) |
| 6:11 | Crear | Villager (Male) |
| 6:12 | Crear | Villager (Male) |
| 6:14 | Crear | Fishing Ship |
| 6:27 | Construir | House |
| 6:37 | Crear | Villager (Male) |
| 6:37 | Crear | Villager (Male) |
| 6:43 | Investigar | Loom |
| 6:43 | Investigar | Loom |
| 6:49 | Crear | Villager (Male) |
| 6:49 | Crear | Villager (Male) |
| 6:49 | Crear | Villager (Male) |
| 7:20 | Crear | Villager (Male) |
| 7:25 | Crear | Fishing Ship |
| 7:38 | Construir | House |
| 8:05 | Crear | Fishing Ship |
| 8:15 | Crear | Villager (Male) |
| 8:41 | Construir | Lumber Camp |
| 8:53 | Crear | Villager (Male) |
| 9:16 | Crear | Villager (Male) |
| 9:28 | Investigar | Feudal Age |
| 9:28 | Investigar | Feudal Age |
| 9:48 | Crear | Fishing Ship |
| 10:34 | Construir | Barracks |
| 11:07 | Construir | House |
| 11:38 | Edad | Edad Feudal |
| 11:40 | Construir | Stable |
| 11:42 | Crear | Spearman |
| 11:44 | Crear | Villager (Male) |
| 12:26 | Crear | Scout Cavalry |
| 12:27 | Construir | House |
| 12:31 | Crear | Villager (Male) |
| 12:34 | Investigar | Double-Bit Axe |
| 12:34 | Investigar | Double-Bit Axe |
| 12:50 | Crear | Scout Cavalry |
| 13:00 | Construir | Watch Tower |
| 13:04 | Crear | Villager (Male) |
| 13:22 | Construir | House |
| 13:30 | Crear | Scout Cavalry |
| 13:38 | Crear | Villager (Male) |
| 13:47 | Construir | Mining Camp |
| 14:02 | Crear | Scout Cavalry |
| 14:02 | Crear | Scout Cavalry |
| 14:13 | Construir | Watch Tower |
| 14:19 | Crear | Villager (Male) |
| 14:28 | Crear | Scout Cavalry |
| 14:51 | Construir | House |
| 14:52 | Crear | Villager (Male) |
| 15:32 | Construir | House |
| 15:34 | Crear | Villager (Male) |
| 15:39 | Crear | Scout Cavalry |
| 15:58 | Crear | Villager (Male) |
| 16:07 | Crear | Scout Cavalry |
| 16:14 | Construir | Stone Wall |
| 16:35 | Crear | Scout Cavalry |
| 16:36 | Crear | Villager (Male) |
| 17:07 | Crear | Villager (Male) |
| 17:35 | Crear | Villager (Male) |
| 17:43 | Crear | Villager (Male) |
| 18:06 | Crear | Villager (Male) |
| 18:09 | Construir | Stable |
| 18:14 | Construir | Mining Camp |
| 18:33 | Crear | Villager (Male) |
| 18:45 | Construir | Mill |
| 18:47 | Crear | Scout Cavalry |
| 19:11 | Crear | Scout Cavalry |
| 19:19 | Crear | Villager (Male) |
| 19:21 | Construir | Farm |
| 19:58 | Crear | Villager (Male) |
| 20:04 | Construir | Farm |
| 20:16 | Crear | Scout Cavalry |
| 20:38 | Construir | Farm |
| 20:39 | Crear | Villager (Male) |
| 20:45 | Construir | Market |
| 21:24 | Crear | Villager (Male) |
| 21:55 | Construir | House |
| 21:57 | Construir | House |
| 23:10 | Crear | Villager (Male) |
| 23:33 | Crear | Villager (Male) |
| 23:56 | Crear | Villager (Male) |
| 24:38 | Investigar | Castle Age |
| 24:38 | Investigar | Castle Age |
| 27:18 | Edad | Edad de los Castillos |
Build order — apNEA
Primeras 150 de 242 acciones detectadas
| 0:06 | Construir | Town Center |
| 0:32 | Construir | Dock |
| 1:09 | Construir | House |
| 2:33 | Crear | Villager (Male) |
| 2:33 | Crear | Villager (Male) |
| 2:33 | Crear | Villager (Male) |
| 2:34 | Crear | Villager (Male) |
| 3:21 | Crear | Villager (Male) |
| 3:34 | Crear | Fishing Ship |
| 4:01 | Construir | House |
| 4:38 | Crear | Villager (Male) |
| 4:58 | Crear | Villager (Male) |
| 4:58 | Crear | Villager (Male) |
| 5:28 | Crear | Villager (Male) |
| 5:31 | Construir | House |
| 5:52 | Crear | Villager (Male) |
| 5:53 | Crear | Villager (Male) |
| 5:53 | Crear | Fishing Ship |
| 6:12 | Construir | House |
| 6:17 | Crear | Villager (Male) |
| 6:17 | Crear | Villager (Male) |
| 6:32 | Crear | Villager (Male) |
| 6:46 | Crear | Fishing Ship |
| 7:04 | Crear | Villager (Male) |
| 7:16 | Crear | Fishing Ship |
| 7:20 | Crear | Villager (Male) |
| 7:31 | Crear | Villager (Male) |
| 7:39 | Construir | House |
| 7:51 | Crear | Villager (Male) |
| 8:04 | Crear | Villager (Male) |
| 8:05 | Crear | Fishing Ship |
| 8:34 | Crear | Fishing Ship |
| 8:37 | Construir | House |
| 9:08 | Crear | Fishing Ship |
| 9:08 | Crear | Villager (Male) |
| 9:27 | Construir | Lumber Camp |
| 9:33 | Crear | Villager (Male) |
| 9:49 | Investigar | Loom |
| 9:57 | Crear | Fishing Ship |
| 10:31 | Investigar | Feudal Age |
| 10:33 | Construir | Mill |
| 11:10 | Construir | Mining Camp |
| 12:25 | Crear | Villager (Male) |
| 12:41 | Edad | Edad Feudal |
| 12:46 | Construir | Blacksmith |
| 13:02 | Crear | Villager (Male) |
| 13:20 | Crear | Villager (Male) |
| 13:27 | Construir | Market |
| 13:52 | Crear | Villager (Male) |
| 14:06 | Investigar | Castle Age |
| 14:10 | Construir | Mining Camp |
| 14:27 | Construir | Palisade Gate |
| 14:31 | Construir | House |
| 14:53 | Investigar | Double-Bit Axe |
| 15:50 | Construir | Building 796 |
| 15:53 | Construir | Building 796 |
| 16:41 | Investigar | Padded Archer Armor |
| 16:41 | Investigar | Gold Mining |
| 17:01 | Edad | Edad de los Castillos |
| 17:04 | Crear | Villager (Male) |
| 17:04 | Crear | Villager (Male) |
| 17:27 | Investigar | Bow Saw |
| 17:29 | Investigar | Leather Archer Armor |
| 17:50 | Crear | Villager (Male) |
| 17:56 | Construir | Castle |
| 18:11 | Crear | Villager (Male) |
| 18:32 | Crear | Villager (Male) |
| 18:37 | Construir | Barracks |
| 18:44 | Construir | House |
| 18:48 | Crear | Villager (Male) |
| 19:13 | Crear | Conquistador |
| 19:13 | Crear | Conquistador |
| 19:31 | Construir | Town Center |
| 19:36 | Crear | Villager (Male) |
| 19:54 | Construir | House |
| 19:55 | Construir | House |
| 20:02 | Crear | Conquistador |
| 20:08 | Crear | Conquistador |
| 20:12 | Crear | Villager (Male) |
| 20:14 | Crear | Villager (Male) |
| 20:21 | Construir | House |
| 20:29 | Crear | Conquistador |
| 21:20 | Crear | Conquistador |
| 21:23 | Crear | Villager (Male) |
| 21:30 | Crear | Conquistador |
| 21:31 | Crear | Villager (Male) |
| 21:37 | Crear | Villager (Male) |
| 21:45 | Construir | Stable |
| 22:16 | Crear | Villager (Male) |
| 22:38 | Crear | Conquistador |
| 22:39 | Crear | Conquistador |
| 22:54 | Crear | Conquistador |
| 22:55 | Crear | Villager (Male) |
| 22:56 | Crear | Villager (Male) |
| 22:58 | Crear | Villager (Male) |
| 22:59 | Crear | Conquistador |
| 23:22 | Crear | Villager (Male) |
| 23:24 | Crear | Villager (Male) |
| 23:30 | Construir | House |
| 23:32 | Construir | Palisade Wall |
| 23:33 | Investigar | Husbandry |
| 23:54 | Construir | Town Center |
| 24:05 | Construir | Town Center |
| 24:33 | Crear | Villager (Male) |
| 24:34 | Crear | Villager (Male) |
| 24:35 | Crear | Villager (Male) |
| 24:57 | Investigar | Horse Collar |
| 25:07 | Crear | Villager (Male) |
| 25:18 | Crear | Villager (Male) |
| 25:33 | Crear | Villager (Male) |
| 25:56 | Crear | Villager (Male) |
| 25:57 | Crear | Villager (Male) |
| 26:00 | Construir | Farm |
| 26:01 | Construir | Farm |
| 26:11 | Crear | Villager (Male) |
| 26:11 | Crear | Villager (Male) |
| 26:23 | Construir | Palisade Gate |
| 26:26 | Construir | Palisade Wall |
| 26:31 | Construir | House |
| 26:31 | Construir | House |
| 26:32 | Crear | Villager (Male) |
| 26:33 | Crear | Villager (Male) |
| 26:56 | Crear | Villager (Male) |
| 27:01 | Crear | Villager (Male) |
| 27:01 | Crear | Villager (Male) |
| 27:01 | Crear | Villager (Male) |
| 27:02 | Crear | Villager (Male) |
| 27:06 | Construir | Farm |
| 27:06 | Construir | Farm |
| 27:12 | Construir | Lumber Camp |
| 27:16 | Crear | Villager (Male) |
| 27:29 | Investigar | Bloodlines |
| 27:43 | Crear | Villager (Male) |
| 27:45 | Crear | Villager (Male) |
| 27:45 | Crear | Villager (Male) |
| 27:49 | Construir | Castle |
| 28:04 | Crear | Villager (Male) |
| 28:05 | Crear | Villager (Male) |
| 28:07 | Crear | Conquistador |
| 28:08 | Crear | Conquistador |
| 28:08 | Crear | Conquistador |
| 28:41 | Crear | Villager (Male) |
| 28:42 | Crear | Villager (Male) |
| 28:44 | Crear | Villager (Male) |
| 28:59 | Crear | Villager (Male) |
| 29:01 | Construir | House |
| 29:06 | Construir | House |
| 29:08 | Construir | Stone Wall |
| 29:14 | Crear | Conquistador |
| 29:25 | Crear | Villager (Male) |
Build order — hide1914
Primeras 150 de 258 acciones detectadas
| 0:32 | Construir | Town Center |
| 1:00 | Construir | Dock |
| 1:05 | Construir | House |
| 1:06 | Construir | Palisade Wall |
| 2:51 | Crear | Villager (Male) |
| 2:51 | Crear | Villager (Male) |
| 2:51 | Crear | Villager (Male) |
| 2:53 | Crear | Villager (Male) |
| 2:54 | Crear | Villager (Male) |
| 2:54 | Crear | Villager (Male) |
| 3:06 | Crear | Fishing Ship |
| 4:04 | Construir | House |
| 4:14 | Crear | Villager (Male) |
| 4:14 | Crear | Villager (Male) |
| 4:46 | Crear | Fishing Ship |
| 5:11 | Crear | Villager (Male) |
| 5:27 | Crear | Villager (Male) |
| 5:31 | Construir | House |
| 5:52 | Crear | Villager (Male) |
| 5:53 | Crear | Villager (Male) |
| 6:12 | Crear | Villager (Male) |
| 6:14 | Crear | Fishing Ship |
| 6:36 | Crear | Villager (Male) |
| 6:50 | Crear | Villager (Male) |
| 6:50 | Crear | Villager (Male) |
| 6:52 | Crear | Fishing Ship |
| 7:10 | Construir | House |
| 7:17 | Crear | Villager (Male) |
| 7:42 | Crear | Fishing Ship |
| 7:42 | Crear | Fishing Ship |
| 7:44 | Construir | House |
| 7:48 | Crear | Villager (Male) |
| 7:59 | Construir | House |
| 8:04 | Crear | Villager (Male) |
| 8:13 | Crear | Villager (Male) |
| 8:23 | Crear | Fishing Ship |
| 8:30 | Crear | Villager (Male) |
| 8:44 | Crear | Villager (Male) |
| 8:51 | Crear | Fishing Ship |
| 8:51 | Crear | Fishing Ship |
| 8:59 | Crear | Villager (Male) |
| 9:00 | Crear | Villager (Male) |
| 9:02 | Construir | House |
| 9:14 | Construir | Dock |
| 9:15 | Crear | Villager (Male) |
| 9:40 | Crear | Villager (Male) |
| 9:46 | Crear | Fishing Ship |
| 9:53 | Crear | Villager (Male) |
| 9:56 | Crear | Fishing Ship |
| 10:02 | Crear | Villager (Male) |
| 10:20 | Crear | Fishing Ship |
| 10:38 | Construir | House |
| 10:47 | Construir | Mining Camp |
| 10:53 | Crear | Villager (Male) |
| 11:31 | Investigar | Feudal Age |
| 11:31 | Investigar | Feudal Age |
| 11:39 | Construir | House |
| 12:03 | Construir | House |
| 12:26 | Construir | Barracks |
| 12:32 | Crear | Fishing Ship |
| 13:23 | Construir | House |
| 13:29 | Crear | Villager (Male) |
| 13:30 | Crear | Villager (Male) |
| 13:38 | Edad | Edad Feudal |
| 13:40 | Construir | Stable |
| 13:43 | Construir | Blacksmith |
| 13:57 | Investigar | Loom |
| 14:10 | Construir | Palisade Wall |
| 14:16 | Construir | Lumber Camp |
| 14:34 | Investigar | Castle Age |
| 14:34 | Investigar | Castle Age |
| 14:35 | Investigar | Castle Age |
| 14:37 | Crear | Fire Galley |
| 14:38 | Crear | Fire Galley |
| 14:44 | Crear | Scout Cavalry |
| 14:49 | Investigar | Double-Bit Axe |
| 14:49 | Investigar | Double-Bit Axe |
| 15:14 | Construir | Mill |
| 15:27 | Crear | Fire Galley |
| 15:58 | Investigar | Gold Mining |
| 15:58 | Investigar | Gold Mining |
| 16:00 | Crear | Spearman |
| 16:10 | Construir | Palisade Wall |
| 16:13 | Construir | Palisade Wall |
| 16:29 | Crear | Villager (Male) |
| 16:51 | Crear | Fire Galley |
| 16:51 | Crear | Fire Galley |
| 17:00 | Edad | Edad de los Castillos |
| 17:02 | Construir | Monastery |
| 17:03 | Crear | Knight |
| 17:13 | Investigar | Bow Saw |
| 17:14 | Crear | Villager (Male) |
| 17:18 | Crear | Camel Scout |
| 17:19 | Crear | Villager (Male) |
| 17:30 | Crear | Villager (Male) |
| 17:34 | Construir | House |
| 17:39 | Crear | Camel Scout |
| 17:39 | Crear | Villager (Male) |
| 17:47 | Construir | House |
| 17:58 | Construir | House |
| 18:01 | Construir | House |
| 18:13 | Crear | Monk |
| 18:16 | Construir | House |
| 18:19 | Construir | House |
| 18:23 | Construir | House |
| 18:23 | Crear | Villager (Male) |
| 18:29 | Crear | Camel Scout |
| 18:30 | Crear | Villager (Male) |
| 18:48 | Crear | Camel Scout |
| 18:51 | Crear | Villager (Male) |
| 18:52 | Crear | Villager (Male) |
| 18:54 | Crear | Villager (Male) |
| 19:01 | Construir | Stable |
| 19:01 | Crear | Villager (Male) |
| 19:18 | Construir | House |
| 19:20 | Crear | Villager (Male) |
| 19:23 | Crear | Villager (Male) |
| 19:26 | Crear | Villager (Male) |
| 19:43 | Crear | Fire Galley |
| 19:43 | Crear | Fire Galley |
| 19:44 | Crear | Fire Galley |
| 19:56 | Crear | Monk |
| 20:22 | Crear | Villager (Male) |
| 20:38 | Construir | Town Center |
| 20:41 | Crear | Camel Scout |
| 20:41 | Crear | Villager (Male) |
| 20:43 | Crear | Villager (Male) |
| 20:48 | Construir | Mining Camp |
| 21:04 | Crear | Camel Scout |
| 21:05 | Crear | Camel Scout |
| 21:16 | Investigar | War Galley (upgrade) |
| 21:17 | Investigar | War Galley (upgrade) |
| 21:18 | Crear | Villager (Male) |
| 21:21 | Construir | House |
| 21:34 | Crear | Scout Cavalry |
| 21:34 | Crear | Scout Cavalry |
| 21:48 | Crear | Villager (Male) |
| 22:26 | Construir | Stable |
| 22:51 | Construir | Farm |
| 23:38 | Construir | Market |
| 24:31 | Crear | Monk |
| 24:37 | Crear | Camel Scout |
| 24:38 | Crear | Camel Scout |
| 24:38 | Crear | Villager (Male) |
| 24:40 | Crear | Villager (Male) |
| 24:50 | Construir | Farm |
| 24:50 | Construir | Farm |
| 24:50 | Construir | Farm |
| 24:51 | Construir | Farm |
| 24:54 | Crear | Villager (Male) |
Build order — Ux'BooM!
Primeras 150 de 205 acciones detectadas
| 0:03 | Construir | Town Center |
| 1:29 | Construir | Dock |
| 1:29 | Construir | House |
| 2:31 | Crear | Villager (Male) |
| 2:31 | Crear | Villager (Male) |
| 2:31 | Crear | Villager (Male) |
| 2:32 | Crear | Villager (Male) |
| 3:38 | Construir | House |
| 3:49 | Construir | Palisade Wall |
| 3:49 | Construir | Palisade Wall |
| 3:50 | Construir | Palisade Wall |
| 3:51 | Construir | Palisade Wall |
| 4:13 | Investigar | Loom |
| 4:17 | Crear | Fishing Ship |
| 4:26 | Crear | Villager (Male) |
| 4:26 | Crear | Villager (Male) |
| 4:57 | Crear | Villager (Male) |
| 5:00 | Construir | House |
| 5:36 | Crear | Villager (Male) |
| 5:37 | Crear | Fishing Ship |
| 6:13 | Crear | Villager (Male) |
| 6:16 | Construir | House |
| 6:21 | Crear | Fishing Ship |
| 6:39 | Crear | Villager (Male) |
| 6:39 | Crear | Villager (Male) |
| 7:01 | Crear | Villager (Male) |
| 7:15 | Crear | Fishing Ship |
| 7:21 | Crear | Villager (Male) |
| 7:21 | Crear | Villager (Male) |
| 7:41 | Crear | Villager (Male) |
| 7:44 | Crear | Fishing Ship |
| 7:44 | Crear | Fishing Ship |
| 8:03 | Crear | Villager (Male) |
| 8:09 | Construir | House |
| 8:28 | Crear | Villager (Male) |
| 8:40 | Construir | Mill |
| 8:55 | Crear | Villager (Male) |
| 9:01 | Construir | House |
| 9:28 | Crear | Villager (Male) |
| 9:28 | Crear | Villager (Male) |
| 9:29 | Crear | Villager (Male) |
| 9:30 | Crear | Villager (Male) |
| 9:33 | Crear | Villager (Male) |
| 9:43 | Crear | Fishing Ship |
| 10:26 | Investigar | Feudal Age |
| 10:55 | Construir | Mining Camp |
| 10:57 | Construir | Mining Camp |
| 11:07 | Crear | Villager (Male) |
| 11:23 | Crear | Villager (Male) |
| 11:33 | Construir | Palisade Wall |
| 11:52 | Construir | Outpost |
| 11:58 | Construir | Dock |
| 12:08 | Crear | Villager (Male) |
| 12:26 | Construir | Palisade Wall |
| 12:36 | Edad | Edad Feudal |
| 12:58 | Construir | Watch Tower |
| 12:59 | Crear | Villager (Male) |
| 13:01 | Construir | Palisade Wall |
| 13:08 | Construir | Outpost |
| 13:10 | Investigar | Town Watch |
| 13:20 | Construir | Watch Tower |
| 13:22 | Construir | Building 796 |
| 13:23 | Crear | Villager (Male) |
| 13:40 | Construir | Building 804 |
| 13:55 | Construir | Building 796 |
| 13:59 | Construir | Palisade Gate |
| 14:00 | Construir | House |
| 14:01 | Construir | Palisade Wall |
| 14:06 | Crear | Villager (Male) |
| 14:12 | Construir | Palisade Gate |
| 14:20 | Construir | Palisade Wall |
| 14:22 | Construir | Palisade Wall |
| 14:25 | Construir | Palisade Wall |
| 14:27 | Crear | Villager (Male) |
| 14:46 | Crear | Villager (Male) |
| 15:06 | Crear | Villager (Male) |
| 15:20 | Crear | Villager (Male) |
| 15:28 | Crear | Villager (Male) |
| 15:41 | Construir | Palisade Wall |
| 15:55 | Crear | Villager (Male) |
| 16:01 | Construir | Watch Tower |
| 16:14 | Construir | Watch Tower |
| 16:18 | Crear | Villager (Male) |
| 16:28 | Construir | Barracks |
| 16:39 | Crear | Villager (Male) |
| 16:43 | Crear | Villager (Male) |
| 17:03 | Crear | Villager (Male) |
| 17:12 | Crear | Villager (Male) |
| 17:28 | Construir | Lumber Camp |
| 17:30 | Crear | Villager (Male) |
| 17:39 | Crear | Villager (Male) |
| 18:16 | Crear | Villager (Male) |
| 18:46 | Construir | House |
| 19:02 | Construir | House |
| 19:24 | Crear | Villager (Male) |
| 19:48 | Crear | Villager (Male) |
| 20:05 | Crear | Villager (Male) |
| 20:20 | Crear | Villager (Male) |
| 20:29 | Construir | Watch Tower |
| 20:30 | Crear | Villager (Male) |
| 20:34 | Construir | Palisade Wall |
| 20:35 | Construir | Palisade Wall |
| 20:39 | Construir | Palisade Wall |
| 20:40 | Construir | Palisade Wall |
| 20:41 | Construir | Palisade Wall |
| 20:43 | Construir | Palisade Wall |
| 20:46 | Crear | Villager (Male) |
| 21:20 | Construir | Watch Tower |
| 21:33 | Construir | Town Center |
| 21:45 | Construir | Watch Tower |
| 22:18 | Construir | House |
| 22:19 | Crear | Fishing Ship |
| 22:21 | Crear | Villager (Male) |
| 22:21 | Crear | Villager (Male) |
| 22:21 | Crear | Villager (Male) |
| 22:29 | Crear | Villager (Male) |
| 22:41 | Construir | Palisade Wall |
| 22:42 | Construir | Palisade Wall |
| 22:44 | Construir | Palisade Wall |
| 22:45 | Construir | Palisade Wall |
| 22:47 | Construir | Palisade Wall |
| 22:49 | Construir | Palisade Wall |
| 22:51 | Construir | Palisade Wall |
| 22:53 | Construir | Palisade Wall |
| 22:56 | Crear | Villager (Male) |
| 22:57 | Construir | Palisade Wall |
| 23:07 | Crear | Villager (Male) |
| 23:25 | Crear | Villager (Male) |
| 23:37 | Crear | Villager (Male) |
| 23:44 | Construir | House |
| 23:46 | Construir | Palisade Wall |
| 24:08 | Construir | House |
| 24:15 | Construir | Watch Tower |
| 24:26 | Construir | House |
| 24:31 | Construir | Market |
| 24:36 | Construir | House |
| 24:37 | Construir | House |
| 24:38 | Crear | Fishing Ship |
| 25:12 | Crear | Villager (Male) |
| 25:13 | Construir | Blacksmith |
| 25:16 | Crear | Villager (Male) |
| 25:28 | Construir | Watch Tower |
| 25:33 | Construir | Palisade Wall |
| 25:34 | Construir | Palisade Wall |
| 25:44 | Investigar | Castle Age |
| 26:05 | Construir | Palisade Wall |
| 26:15 | Construir | Mining Camp |
| 26:46 | Construir | Stone Wall |
| 26:47 | Construir | Stone Wall |
| 26:48 | Construir | Stone Wall |
Build order — mc 88
Primeras 150 de 237 acciones detectadas
| 0:06 | Construir | Town Center |
| 1:55 | Construir | Dock |
| 2:28 | Crear | Villager (Male) |
| 2:28 | Crear | Villager (Male) |
| 2:29 | Crear | Villager (Male) |
| 2:29 | Crear | Villager (Male) |
| 2:29 | Crear | Villager (Male) |
| 2:57 | Construir | House |
| 3:52 | Crear | Fishing Ship |
| 3:53 | Crear | Fishing Ship |
| 3:53 | Crear | Fishing Ship |
| 4:17 | Investigar | Loom |
| 4:17 | Crear | Villager (Male) |
| 4:17 | Crear | Villager (Male) |
| 4:39 | Construir | House |
| 5:10 | Crear | Villager (Male) |
| 5:40 | Crear | Villager (Male) |
| 5:41 | Crear | Villager (Male) |
| 5:46 | Crear | Fishing Ship |
| 5:47 | Crear | Fishing Ship |
| 5:47 | Crear | Fishing Ship |
| 6:06 | Crear | Villager (Male) |
| 6:06 | Crear | Villager (Male) |
| 6:08 | Construir | House |
| 6:25 | Crear | Villager (Male) |
| 6:25 | Crear | Villager (Male) |
| 6:47 | Crear | Villager (Male) |
| 6:47 | Crear | Villager (Male) |
| 7:04 | Crear | Villager (Male) |
| 7:04 | Crear | Villager (Male) |
| 7:13 | Crear | Fishing Ship |
| 7:13 | Crear | Fishing Ship |
| 7:18 | Construir | House |
| 7:34 | Crear | Villager (Male) |
| 7:34 | Crear | Villager (Male) |
| 7:37 | Crear | Villager (Male) |
| 7:38 | Crear | Villager (Male) |
| 7:48 | Crear | Villager (Male) |
| 7:48 | Crear | Villager (Male) |
| 7:57 | Crear | Fishing Ship |
| 7:57 | Crear | Fishing Ship |
| 8:18 | Crear | Villager (Male) |
| 8:19 | Crear | Villager (Male) |
| 8:26 | Crear | Fishing Ship |
| 8:27 | Crear | Fishing Ship |
| 8:27 | Crear | Villager (Male) |
| 8:45 | Crear | Villager (Male) |
| 9:01 | Crear | Villager (Male) |
| 9:01 | Crear | Villager (Male) |
| 9:02 | Crear | Fishing Ship |
| 9:02 | Crear | Fishing Ship |
| 9:12 | Construir | House |
| 10:02 | Construir | Mill |
| 10:41 | Crear | Villager (Male) |
| 10:54 | Construir | Mining Camp |
| 11:01 | Investigar | Feudal Age |
| 11:01 | Investigar | Feudal Age |
| 11:50 | Construir | House |
| 12:02 | Crear | Villager (Male) |
| 12:02 | Crear | Villager (Male) |
| 13:16 | Edad | Edad Feudal |
| 13:20 | Construir | Market |
| 13:27 | Construir | Blacksmith |
| 14:00 | Construir | Lumber Camp |
| 14:17 | Investigar | Castle Age |
| 14:17 | Investigar | Castle Age |
| 14:33 | Investigar | Double-Bit Axe |
| 14:33 | Investigar | Double-Bit Axe |
| 15:02 | Construir | Outpost |
| 15:09 | Construir | House |
| 15:10 | Construir | House |
| 16:07 | Crear | Villager (Male) |
| 16:07 | Crear | Villager (Male) |
| 16:07 | Crear | Villager (Male) |
| 16:57 | Edad | Edad de los Castillos |
| 17:03 | Construir | Castle |
| 17:14 | Construir | Town Center |
| 17:16 | Crear | Villager (Male) |
| 17:18 | Crear | Villager (Male) |
| 18:27 | Crear | Villager (Male) |
| 18:28 | Crear | Villager (Male) |
| 18:28 | Crear | Villager (Male) |
| 18:32 | Investigar | Bow Saw |
| 18:32 | Investigar | Bow Saw |
| 19:01 | Construir | Farm |
| 19:02 | Construir | Farm |
| 19:03 | Construir | Farm |
| 19:03 | Construir | Farm |
| 19:19 | Crear | Villager (Male) |
| 19:19 | Crear | Villager (Male) |
| 19:19 | Crear | Villager (Male) |
| 19:24 | Construir | House |
| 19:28 | Construir | Farm |
| 19:30 | Construir | Farm |
| 19:33 | Crear | Villager (Male) |
| 19:33 | Crear | Villager (Male) |
| 19:33 | Crear | Villager (Male) |
| 19:37 | Crear | Rattan Archer |
| 19:37 | Crear | Rattan Archer |
| 19:37 | Crear | Rattan Archer |
| 19:41 | Crear | Rattan Archer |
| 19:42 | Crear | Rattan Archer |
| 19:43 | Crear | Villager (Male) |
| 19:44 | Crear | Villager (Male) |
| 19:44 | Crear | Villager (Male) |
| 20:01 | Crear | Villager (Male) |
| 20:02 | Crear | Villager (Male) |
| 20:07 | Construir | Farm |
| 20:08 | Construir | Farm |
| 20:22 | Investigar | Fletching |
| 20:22 | Investigar | Fletching |
| 20:22 | Investigar | Fletching |
| 20:30 | Crear | Rattan Archer |
| 20:30 | Crear | Rattan Archer |
| 20:42 | Crear | Villager (Male) |
| 20:42 | Crear | Villager (Male) |
| 20:47 | Crear | Villager (Male) |
| 20:48 | Crear | Villager (Male) |
| 20:59 | Crear | Rattan Archer |
| 20:59 | Crear | Rattan Archer |
| 21:03 | Crear | Villager (Male) |
| 21:04 | Crear | Villager (Male) |
| 21:09 | Construir | House |
| 21:19 | Construir | Town Center |
| 21:41 | Construir | House |
| 21:42 | Construir | House |
| 21:44 | Construir | House |
| 21:47 | Construir | House |
| 22:22 | Crear | Villager (Male) |
| 22:23 | Crear | Villager (Male) |
| 22:23 | Crear | Villager (Male) |
| 22:23 | Crear | Villager (Male) |
| 22:23 | Crear | Villager (Male) |
| 22:23 | Crear | Villager (Male) |
| 22:50 | Investigar | Padded Archer Armor |
| 22:50 | Investigar | Padded Archer Armor |
| 22:51 | Crear | Villager (Male) |
| 22:51 | Crear | Villager (Male) |
| 22:55 | Construir | University |
| 23:11 | Crear | Villager (Male) |
| 23:11 | Crear | Villager (Male) |
| 23:48 | Construir | University |
| 23:51 | Crear | Villager (Male) |
| 23:51 | Crear | Villager (Male) |
| 23:58 | Crear | Villager (Male) |
| 24:02 | Construir | House |
| 24:10 | Crear | Rattan Archer |
| 24:10 | Crear | Rattan Archer |
| 24:11 | Crear | Rattan Archer |
| 24:11 | Crear | Rattan Archer |
Build order — Torpedo
Primeras 150 de 374 acciones detectadas
| 0:02 | Construir | Town Center |
| 0:30 | Construir | Dock |
| 0:48 | Construir | Palisade Wall |
| 1:24 | Construir | House |
| 2:13 | Construir | Palisade Wall |
| 2:15 | Construir | Palisade Wall |
| 2:25 | Crear | Villager (Male) |
| 2:25 | Crear | Villager (Male) |
| 2:25 | Crear | Villager (Male) |
| 2:25 | Crear | Villager (Male) |
| 2:26 | Crear | Villager (Male) |
| 3:27 | Crear | Fishing Ship |
| 3:27 | Crear | Fishing Ship |
| 4:10 | Crear | Villager (Male) |
| 4:11 | Crear | Villager (Male) |
| 4:12 | Construir | House |
| 4:41 | Crear | Villager (Male) |
| 4:41 | Crear | Villager (Male) |
| 5:06 | Crear | Fishing Ship |
| 5:09 | Crear | Villager (Male) |
| 5:09 | Crear | Villager (Male) |
| 5:30 | Construir | House |
| 5:36 | Crear | Villager (Male) |
| 5:37 | Crear | Villager (Male) |
| 5:54 | Crear | Villager (Male) |
| 5:55 | Crear | Villager (Male) |
| 6:21 | Crear | Villager (Male) |
| 6:22 | Crear | Villager (Male) |
| 6:24 | Crear | Fishing Ship |
| 6:32 | Construir | House |
| 6:40 | Crear | Villager (Male) |
| 6:40 | Crear | Villager (Male) |
| 6:54 | Construir | House |
| 7:07 | Crear | Villager (Male) |
| 7:07 | Crear | Villager (Male) |
| 7:22 | Crear | Villager (Male) |
| 7:23 | Crear | Villager (Male) |
| 7:31 | Crear | Fishing Ship |
| 7:31 | Crear | Fishing Ship |
| 7:48 | Crear | Villager (Male) |
| 7:48 | Crear | Villager (Male) |
| 7:59 | Construir | Palisade Wall |
| 8:00 | Construir | Palisade Wall |
| 8:01 | Construir | House |
| 8:10 | Crear | Fishing Ship |
| 8:11 | Crear | Fishing Ship |
| 8:17 | Crear | Villager (Male) |
| 8:18 | Crear | Villager (Male) |
| 8:19 | Crear | Villager (Male) |
| 8:19 | Crear | Villager (Male) |
| 8:19 | Crear | Villager (Male) |
| 8:31 | Construir | House |
| 8:33 | Construir | Palisade Wall |
| 8:34 | Crear | Villager (Male) |
| 8:46 | Crear | Villager (Male) |
| 8:46 | Crear | Villager (Male) |
| 9:00 | Crear | Fishing Ship |
| 9:00 | Crear | Fishing Ship |
| 9:13 | Crear | Villager (Male) |
| 9:14 | Crear | Villager (Male) |
| 9:47 | Construir | Palisade Wall |
| 9:54 | Construir | Building 800 |
| 10:00 | Construir | Building 800 |
| 10:01 | Construir | Palisade Wall |
| 10:01 | Construir | Palisade Wall |
| 10:05 | Construir | Dock |
| 10:14 | Construir | Palisade Wall |
| 10:18 | Construir | Palisade Wall |
| 10:23 | Construir | Palisade Wall |
| 10:50 | Construir | Palisade Wall |
| 10:53 | Construir | Palisade Wall |
| 11:02 | Crear | Fishing Ship |
| 11:02 | Crear | Fishing Ship |
| 11:19 | Construir | Mill |
| 11:37 | Construir | Palisade Wall |
| 11:39 | Crear | Villager (Male) |
| 11:57 | Crear | Villager (Male) |
| 11:58 | Crear | Villager (Male) |
| 11:59 | Crear | Fishing Ship |
| 11:59 | Crear | Fishing Ship |
| 12:02 | Construir | House |
| 12:20 | Construir | Palisade Wall |
| 12:23 | Investigar | Loom |
| 12:24 | Investigar | Feudal Age |
| 12:24 | Investigar | Feudal Age |
| 12:38 | Construir | House |
| 12:39 | Construir | House |
| 12:46 | Construir | Mining Camp |
| 13:03 | Construir | Lumber Camp |
| 13:09 | Construir | Palisade Wall |
| 13:09 | Crear | Villager (Male) |
| 13:11 | Crear | Villager (Male) |
| 13:20 | Construir | Palisade Wall |
| 13:29 | Construir | Palisade Wall |
| 13:30 | Construir | Palisade Wall |
| 13:43 | Construir | Palisade Wall |
| 13:49 | Construir | Palisade Wall |
| 14:09 | Crear | Fishing Ship |
| 14:10 | Crear | Fishing Ship |
| 14:15 | Crear | Villager (Male) |
| 14:23 | Construir | House |
| 14:24 | Construir | House |
| 14:25 | Construir | Palisade Wall |
| 14:58 | Edad | Edad Feudal |
| 15:01 | Construir | Blacksmith |
| 15:04 | Crear | Villager (Male) |
| 15:05 | Investigar | Town Watch |
| 15:42 | Construir | Market |
| 16:18 | Construir | House |
| 16:19 | Construir | House |
| 16:42 | Construir | Dock |
| 16:43 | Investigar | Castle Age |
| 16:43 | Investigar | Castle Age |
| 16:49 | Investigar | Double-Bit Axe |
| 17:09 | Construir | Palisade Wall |
| 17:10 | Construir | Mining Camp |
| 17:18 | Investigar | Gold Mining |
| 17:19 | Crear | Villager (Male) |
| 17:19 | Crear | Villager (Male) |
| 17:34 | Investigar | Stone Mining |
| 17:56 | Investigar | Horse Collar |
| 17:56 | Investigar | Horse Collar |
| 17:58 | Investigar | Fletching |
| 18:12 | Investigar | Tech 906 |
| 18:12 | Investigar | Tech 906 |
| 18:33 | Crear | Unit 2626 |
| 18:33 | Crear | Unit 2626 |
| 18:35 | Crear | Villager (Male) |
| 18:40 | Crear | Unit 2626 |
| 18:40 | Crear | Unit 2626 |
| 18:40 | Crear | Unit 2626 |
| 18:55 | Crear | Unit 2626 |
| 18:56 | Crear | Unit 2626 |
| 19:14 | Construir | Lumber Camp |
| 19:26 | Crear | Unit 2626 |
| 19:26 | Crear | Unit 2626 |
| 19:41 | Crear | Villager (Male) |
| 19:43 | Edad | Edad de los Castillos |
| 19:50 | Crear | Unit 2626 |
| 19:51 | Crear | Unit 2626 |
| 20:00 | Construir | Castle |
| 20:04 | Construir | House |
| 20:06 | Construir | House |
| 20:07 | Construir | Palisade Wall |
| 20:21 | Investigar | War Galley (upgrade) |
| 20:21 | Investigar | War Galley (upgrade) |
| 20:23 | Crear | Villager (Male) |
| 20:33 | Investigar | Scale Barding Armor |
| 20:35 | Investigar | Bodkin Arrow |
| 20:37 | Crear | Villager (Male) |
Build order — _luN
Primeras 150 de 219 acciones detectadas
| 0:10 | Construir | Town Center |
| 1:35 | Construir | Dock |
| 1:39 | Construir | Palisade Wall |
| 1:41 | Construir | Palisade Wall |
| 1:52 | Construir | House |
| 2:29 | Crear | Villager (Male) |
| 2:29 | Crear | Villager (Male) |
| 2:30 | Crear | Villager (Male) |
| 2:30 | Crear | Villager (Male) |
| 2:30 | Crear | Villager (Male) |
| 3:57 | Crear | Fishing Ship |
| 4:08 | Construir | House |
| 4:29 | Crear | Villager (Male) |
| 4:29 | Crear | Villager (Male) |
| 4:32 | Investigar | Loom |
| 4:54 | Crear | Fishing Ship |
| 5:34 | Crear | Villager (Male) |
| 5:34 | Crear | Villager (Male) |
| 5:39 | Crear | Fishing Ship |
| 6:10 | Crear | Villager (Male) |
| 6:10 | Crear | Villager (Male) |
| 6:24 | Crear | Villager (Male) |
| 6:24 | Crear | Villager (Male) |
| 6:29 | Construir | House |
| 6:44 | Crear | Fishing Ship |
| 6:44 | Crear | Fishing Ship |
| 7:00 | Crear | Villager (Male) |
| 7:00 | Crear | Villager (Male) |
| 7:25 | Crear | Fishing Ship |
| 7:26 | Crear | Fishing Ship |
| 7:30 | Crear | Villager (Male) |
| 7:37 | Crear | Villager (Male) |
| 7:37 | Crear | Villager (Male) |
| 7:47 | Crear | Villager (Male) |
| 7:47 | Crear | Villager (Male) |
| 8:10 | Construir | House |
| 8:11 | Crear | Fishing Ship |
| 8:44 | Crear | Villager (Male) |
| 9:03 | Crear | Fishing Ship |
| 9:19 | Crear | Villager (Male) |
| 9:31 | Construir | House |
| 9:40 | Crear | Villager (Male) |
| 9:42 | Crear | Fishing Ship |
| 9:42 | Crear | Fishing Ship |
| 10:13 | Crear | Villager (Male) |
| 10:19 | Crear | Fishing Ship |
| 10:40 | Crear | Villager (Male) |
| 10:56 | Construir | Mill |
| 11:18 | Investigar | Feudal Age |
| 11:18 | Investigar | Feudal Age |
| 11:49 | Construir | Mining Camp |
| 13:28 | Edad | Edad Feudal |
| 13:32 | Construir | Market |
| 13:36 | Construir | Blacksmith |
| 13:37 | Crear | Villager (Male) |
| 13:37 | Crear | Villager (Male) |
| 14:04 | Construir | Stone Wall |
| 14:13 | Construir | House |
| 14:28 | Investigar | Castle Age |
| 14:28 | Investigar | Castle Age |
| 14:28 | Investigar | Castle Age |
| 15:20 | Construir | Lumber Camp |
| 15:53 | Construir | House |
| 16:16 | Construir | House |
| 16:59 | Investigar | Double-Bit Axe |
| 17:08 | Edad | Edad de los Castillos |
| 17:13 | Construir | Castle |
| 17:21 | Crear | Villager (Male) |
| 17:22 | Crear | Villager (Male) |
| 17:33 | Construir | Stone Wall |
| 17:55 | Crear | Villager (Male) |
| 18:06 | Construir | Town Center |
| 18:17 | Crear | Villager (Male) |
| 18:33 | Crear | Mangudai |
| 19:04 | Crear | Mangudai |
| 19:05 | Crear | Villager (Male) |
| 19:18 | Crear | Mangudai |
| 19:19 | Investigar | Fletching |
| 19:23 | Crear | Villager (Male) |
| 19:23 | Crear | Villager (Male) |
| 19:23 | Crear | Villager (Male) |
| 19:23 | Crear | Villager (Male) |
| 19:24 | Crear | Villager (Male) |
| 19:24 | Crear | Villager (Male) |
| 19:54 | Crear | Mangudai |
| 20:19 | Crear | Villager (Male) |
| 20:28 | Crear | Mangudai |
| 20:34 | Construir | Farm |
| 20:36 | Construir | Farm |
| 21:02 | Crear | Mangudai |
| 21:03 | Crear | Villager (Male) |
| 21:10 | Construir | University |
| 21:18 | Crear | Villager (Male) |
| 21:20 | Construir | Farm |
| 21:24 | Crear | Mangudai |
| 21:41 | Crear | Villager (Male) |
| 21:46 | Crear | Villager (Male) |
| 21:47 | Construir | Farm |
| 21:53 | Crear | Villager (Male) |
| 21:53 | Crear | Villager (Male) |
| 22:05 | Construir | Farm |
| 22:07 | Construir | Farm |
| 22:13 | Investigar | Bodkin Arrow |
| 22:13 | Investigar | Bodkin Arrow |
| 22:43 | Crear | Mangudai |
| 22:46 | Crear | Villager (Male) |
| 22:47 | Construir | Farm |
| 22:57 | Crear | Mangudai |
| 23:09 | Crear | Villager (Male) |
| 23:10 | Construir | Farm |
| 23:11 | Construir | Farm |
| 23:13 | Construir | Lumber Camp |
| 23:16 | Construir | Farm |
| 23:18 | Crear | Villager (Male) |
| 23:34 | Crear | Villager (Male) |
| 23:45 | Crear | Mangudai |
| 23:53 | Crear | Villager (Male) |
| 23:57 | Investigar | Horse Collar |
| 24:15 | Crear | Villager (Male) |
| 24:33 | Crear | Villager (Male) |
| 24:43 | Investigar | Ballistics |
| 24:43 | Investigar | Ballistics |
| 24:55 | Crear | Villager (Male) |
| 24:55 | Crear | Villager (Male) |
| 25:06 | Crear | Villager (Male) |
| 25:06 | Crear | Villager (Male) |
| 25:16 | Crear | Villager (Male) |
| 25:16 | Crear | Villager (Male) |
| 25:16 | Crear | Villager (Male) |
| 25:21 | Construir | Town Center |
| 25:22 | Crear | Villager (Male) |
| 25:37 | Crear | Villager (Male) |
| 25:37 | Crear | Villager (Male) |
| 25:38 | Crear | Mangudai |
| 25:38 | Crear | Mangudai |
| 25:59 | Crear | Mangudai |
| 26:01 | Crear | Villager (Male) |
| 26:02 | Crear | Villager (Male) |
| 26:03 | Construir | Farm |
| 26:19 | Crear | Villager (Male) |
| 26:19 | Crear | Villager (Male) |
| 26:22 | Construir | Farm |
| 26:28 | Crear | Villager (Male) |
| 26:31 | Crear | Mangudai |
| 26:54 | Crear | Mangudai |
| 26:59 | Crear | Villager (Male) |
| 26:59 | Crear | Villager (Male) |
| 27:07 | Crear | Mangudai |
| 27:09 | Crear | Villager (Male) |
| 27:14 | Construir | Lumber Camp |
Build order — Zni.Locuss
Primeras 150 de 289 acciones detectadas
| 0:27 | Construir | Town Center |
| 0:43 | Construir | Dock |
| 0:45 | Construir | House |
| 2:35 | Construir | Palisade Wall |
| 2:37 | Construir | Palisade Wall |
| 2:38 | Construir | Palisade Wall |
| 2:39 | Construir | Palisade Wall |
| 2:46 | Crear | Villager (Male) ×4 |
| 2:46 | Crear | Villager (Male) ×4 |
| 3:11 | Construir | Palisade Wall |
| 3:56 | Crear | Fishing Ship |
| 4:08 | Investigar | Loom |
| 4:18 | Construir | House |
| 4:34 | Crear | Villager (Male) |
| 4:35 | Crear | Villager (Male) |
| 5:04 | Crear | Villager (Male) |
| 5:05 | Crear | Villager (Male) |
| 5:37 | Crear | Villager (Male) |
| 5:38 | Crear | Fishing Ship |
| 5:51 | Crear | Villager (Male) |
| 5:52 | Crear | Villager (Male) |
| 6:09 | Construir | House |
| 6:27 | Crear | Villager (Male) |
| 6:28 | Crear | Villager (Male) |
| 6:28 | Crear | Villager (Male) |
| 6:49 | Crear | Villager (Male) |
| 7:00 | Crear | Fishing Ship |
| 7:05 | Crear | Villager (Male) |
| 7:44 | Crear | Villager (Male) |
| 7:44 | Crear | Villager (Male) |
| 7:58 | Construir | House |
| 8:02 | Crear | Fishing Ship |
| 8:19 | Crear | Villager (Male) |
| 8:39 | Crear | Fishing Ship |
| 9:09 | Crear | Villager (Male) |
| 9:15 | Construir | House |
| 9:39 | Crear | Villager (Male) |
| 9:46 | Crear | Fishing Ship |
| 10:01 | Crear | Villager (Male) |
| 10:03 | Crear | Villager (Male) |
| 10:32 | Construir | Mining Camp |
| 10:59 | Construir | Outpost |
| 11:02 | Investigar | Feudal Age |
| 11:02 | Investigar | Feudal Age |
| 11:38 | Construir | Barracks |
| 11:44 | Construir | Palisade Wall |
| 11:48 | Construir | Palisade Wall |
| 12:09 | Construir | Palisade Wall |
| 12:22 | Crear | Villager (Male) |
| 12:34 | Construir | House |
| 12:53 | Crear | Villager (Male) |
| 13:16 | Edad | Edad Feudal |
| 13:18 | Construir | Stable |
| 13:32 | Construir | Blacksmith |
| 13:36 | Crear | Villager (Male) |
| 13:48 | Investigar | Town Watch |
| 14:06 | Construir | Palisade Wall |
| 14:08 | Construir | Building 796 |
| 14:16 | Construir | Palisade Wall |
| 14:19 | Investigar | Castle Age |
| 14:20 | Crear | Scout Cavalry |
| 14:23 | Investigar | Scale Barding Armor |
| 14:28 | Construir | Lumber Camp |
| 14:45 | Crear | Scout Cavalry |
| 15:08 | Crear | Scout Cavalry |
| 15:15 | Crear | Villager (Male) |
| 15:47 | Crear | Scout Cavalry |
| 16:59 | Investigar | Forging |
| 16:59 | Investigar | Forging |
| 17:11 | Edad | Edad de los Castillos |
| 17:13 | Crear | Steppe Lancer |
| 17:13 | Crear | Steppe Lancer |
| 17:15 | Construir | Monastery |
| 17:17 | Crear | Villager (Male) |
| 17:19 | Construir | Town Center |
| 17:26 | Crear | Steppe Lancer |
| 17:41 | Construir | House |
| 17:44 | Construir | House |
| 17:59 | Crear | Monk |
| 18:05 | Construir | House |
| 18:05 | Construir | House |
| 18:14 | Crear | Steppe Lancer |
| 18:16 | Crear | Monk |
| 18:17 | Crear | Villager (Male) |
| 18:25 | Crear | Villager (Male) |
| 18:25 | Crear | Villager (Male) |
| 18:42 | Crear | Villager (Male) |
| 18:43 | Crear | Villager (Male) |
| 18:45 | Crear | Villager (Male) |
| 18:49 | Construir | Mill |
| 19:05 | Crear | Monk |
| 19:20 | Crear | Villager (Male) |
| 19:35 | Crear | Villager (Male) |
| 19:39 | Construir | Farm |
| 19:39 | Construir | Farm |
| 19:40 | Crear | Villager (Male) |
| 19:41 | Crear | Villager (Male) |
| 19:42 | Construir | Farm |
| 19:53 | Crear | Steppe Lancer |
| 19:56 | Construir | Siege Workshop |
| 19:59 | Construir | Farm |
| 20:01 | Crear | Villager (Male) |
| 20:02 | Construir | Farm |
| 20:09 | Construir | Farm |
| 20:28 | Crear | Monk |
| 20:29 | Crear | Villager (Male) |
| 20:35 | Construir | Palisade Wall |
| 20:38 | Construir | House |
| 20:46 | Crear | Battering Ram |
| 20:46 | Crear | Battering Ram |
| 20:46 | Crear | Battering Ram |
| 20:57 | Crear | Steppe Lancer |
| 21:02 | Construir | House |
| 21:03 | Construir | House |
| 21:05 | Crear | Monk |
| 21:11 | Crear | Villager (Male) |
| 21:11 | Crear | Villager (Male) |
| 21:13 | Construir | Farm |
| 21:41 | Crear | Villager (Male) |
| 21:42 | Crear | Villager (Male) |
| 21:43 | Crear | Villager (Male) |
| 21:44 | Construir | Outpost |
| 21:46 | Construir | Farm |
| 21:48 | Crear | Villager (Male) |
| 21:50 | Construir | Farm |
| 21:51 | Construir | Outpost |
| 22:18 | Crear | Battering Ram |
| 22:41 | Crear | Battering Ram |
| 22:43 | Crear | Villager (Male) |
| 22:43 | Crear | Villager (Male) |
| 22:44 | Crear | Villager (Male) |
| 22:45 | Crear | Villager (Male) |
| 22:45 | Crear | Villager (Male) |
| 22:46 | Construir | Farm |
| 23:02 | Construir | Outpost |
| 23:10 | Crear | Steppe Lancer |
| 23:18 | Crear | Villager (Male) |
| 23:19 | Construir | House |
| 23:19 | Construir | House |
| 23:21 | Crear | Villager (Male) |
| 23:21 | Crear | Villager (Male) |
| 23:23 | Construir | Farm |
| 23:25 | Construir | Mining Camp |
| 23:47 | Crear | Battering Ram |
| 23:56 | Crear | Monk |
| 23:57 | Crear | Steppe Lancer |
| 23:58 | Crear | Steppe Lancer |
| 24:32 | Crear | Scorpion |
| 24:32 | Crear | Scorpion |
| 24:57 | Crear | Villager (Male) |
Cronología de la partida
| 0:30 | Torpedo · first_building Dock |
| 0:32 | apNEA · first_building Dock |
| 0:43 | Zni.Locuss · first_building Dock |
| 0:48 | Torpedo · wall_segment Palisade Wall x1 |
| 1:00 | hide1914 · first_building Dock |
| 1:01 | TheRyan · first_building Dock |
| 1:04 | TheRyan · wall_segment Palisade Wall x1 |
| 1:05 | TheRyan · wall_segment Palisade Wall x1 |
| 1:06 | hide1914 · wall_segment Palisade Wall x1 |
| 1:29 | Ux'BooM! · first_building Dock |
| 1:35 | _luN · first_building Dock |
| 1:39 | _luN · wall_segment Palisade Wall x1 |
| 1:41 | _luN · wall_segment Palisade Wall x1 |
| 1:55 | mc 88 · first_building Dock |
| 2:13 | Torpedo · wall_segment Palisade Wall x1 |
| 2:15 | Torpedo · wall_segment Palisade Wall x1 |
| 2:35 | Zni.Locuss · wall_segment Palisade Wall x1 |
| 2:37 | Zni.Locuss · wall_segment Palisade Wall x1 |
| 2:38 | Zni.Locuss · wall_segment Palisade Wall x1 |
| 2:39 | Zni.Locuss · wall_segment Palisade Wall x1 |
| 3:11 | Zni.Locuss · wall_segment Palisade Wall x1 |
| 3:49 | Ux'BooM! · wall_segment Palisade Wall x1 |
| 3:49 | Ux'BooM! · wall_segment Palisade Wall x1 |
| 3:50 | Ux'BooM! · wall_segment Palisade Wall x1 |
| 3:51 | Ux'BooM! · wall_segment Palisade Wall x1 |
| 7:59 | Torpedo · wall_segment Palisade Wall x1 |
| 8:00 | Torpedo · wall_segment Palisade Wall x5 |
| 8:33 | Torpedo · wall_segment Palisade Wall x1 |
| 9:47 | Torpedo · wall_segment Palisade Wall x12 |
| 10:01 | Torpedo · wall_segment Palisade Wall x1 |
| 10:01 | Torpedo · wall_segment Palisade Wall x1 |
| 10:14 | Torpedo · wall_segment Palisade Wall x3 |
| 10:18 | Torpedo · wall_segment Palisade Wall x3 |
| 10:23 | Torpedo · wall_segment Palisade Wall x10 |
| 10:34 | TheRyan · first_building Barracks |
| 10:50 | Torpedo · wall_segment Palisade Wall x6 |
| 10:53 | Torpedo · wall_segment Palisade Wall x8 |
| 11:33 | Ux'BooM! · wall_segment Palisade Wall x5 |
| 11:37 | Torpedo · wall_segment Palisade Wall x10 |
| 11:38 | TheRyan · age_up feudal |
| 11:38 | Zni.Locuss · first_building Barracks |
| 11:40 | TheRyan · first_building Stable |
| 11:44 | Zni.Locuss · wall_segment Palisade Wall x1 |
| 11:48 | Zni.Locuss · wall_segment Palisade Wall x1 |
| 12:09 | Zni.Locuss · wall_segment Palisade Wall x1 |
| 12:20 | Torpedo · wall_segment Palisade Wall x6 |
| 12:26 | hide1914 · first_building Barracks |
| 12:26 | Ux'BooM! · wall_segment Palisade Wall x9 |
| 12:36 | Ux'BooM! · age_up feudal |
| 12:41 | apNEA · age_up feudal |
| 13:01 | Ux'BooM! · wall_segment Palisade Wall x1 |
| 13:09 | Torpedo · wall_segment Palisade Wall x4 |
| 13:16 | mc 88 · age_up feudal |
| 13:16 | Zni.Locuss · age_up feudal |
| 13:18 | Zni.Locuss · first_building Stable |
| 13:20 | Torpedo · wall_segment Palisade Wall x7 |
| 13:28 | _luN · age_up feudal |
| 13:29 | Torpedo · wall_segment Palisade Wall x12 |
| 13:30 | Torpedo · wall_segment Palisade Wall x1 |
| 13:38 | hide1914 · age_up feudal |
| 13:40 | hide1914 · first_building Stable |
| 13:43 | Torpedo · wall_segment Palisade Wall x7 |
| 13:49 | Torpedo · wall_segment Palisade Wall x8 |
| 14:01 | Ux'BooM! · wall_segment Palisade Wall x1 |
| 14:04 | _luN · wall_segment Stone Wall x8 |
| 14:06 | Zni.Locuss · wall_segment Palisade Wall x3 |
| 14:10 | hide1914 · wall_segment Palisade Wall x11 |
| 14:16 | mc 88 · first_market_sell 100 stone |
| 14:16 | Zni.Locuss · wall_segment Palisade Wall x1 |
| 14:20 | Ux'BooM! · wall_segment Palisade Wall x5 |
| 14:22 | Ux'BooM! · wall_segment Palisade Wall x4 |
| 14:25 | Torpedo · wall_segment Palisade Wall x3 |
| 14:25 | Ux'BooM! · wall_segment Palisade Wall x1 |
| 14:27 | _luN · first_market_sell 100 stone |
| 14:58 | Torpedo · age_up feudal |
| 15:41 | Ux'BooM! · wall_segment Palisade Wall x1 |
| 16:10 | hide1914 · wall_segment Palisade Wall x1 |
| 16:13 | hide1914 · wall_segment Palisade Wall x1 |
| 16:14 | TheRyan · wall_segment Stone Wall x9 |
| 16:28 | Ux'BooM! · first_building Barracks |
| 16:57 | mc 88 · age_up castle |
| 17:00 | hide1914 · age_up castle |
| 17:01 | apNEA · age_up castle |
| 17:02 | hide1914 · first_building Monastery |
| 17:03 | mc 88 · first_building Castle |
| 17:08 | _luN · age_up castle |
| 17:09 | Torpedo · wall_segment Palisade Wall x1 |
| 17:11 | Zni.Locuss · age_up castle |
| 17:13 | _luN · first_building Castle |
| 17:15 | Zni.Locuss · first_building Monastery |
| 17:33 | _luN · wall_segment Stone Wall x11 |
| 17:56 | apNEA · first_building Castle |
| 18:37 | apNEA · first_building Barracks |
| 18:38 | Torpedo · first_market_sell 100 food |
| 18:39 | Torpedo · first_market_buy 100 wood |
| 18:50 | apNEA · first_market_buy 100 wood |
| 19:43 | Torpedo · age_up castle |
| 19:56 | Zni.Locuss · first_building Siege Workshop |
| 20:00 | Torpedo · first_building Castle |
| 20:07 | Torpedo · wall_segment Palisade Wall x1 |
| 20:34 | Ux'BooM! · wall_segment Palisade Wall x1 |
| 20:35 | Zni.Locuss · wall_segment Palisade Wall x1 |
| 20:35 | Ux'BooM! · wall_segment Palisade Wall x1 |
| 20:39 | Ux'BooM! · wall_segment Palisade Wall x1 |
| 20:40 | Ux'BooM! · wall_segment Palisade Wall x1 |
| 20:41 | Ux'BooM! · wall_segment Palisade Wall x1 |
| 20:43 | Ux'BooM! · wall_segment Palisade Wall x1 |
| 21:45 | apNEA · first_building Stable |
| 22:41 | Ux'BooM! · wall_segment Palisade Wall x1 |
| 22:42 | Ux'BooM! · wall_segment Palisade Wall x1 |
| 22:44 | Ux'BooM! · wall_segment Palisade Wall x1 |
| 22:45 | Ux'BooM! · wall_segment Palisade Wall x1 |
| 22:47 | Ux'BooM! · wall_segment Palisade Wall x1 |
| 22:49 | Ux'BooM! · wall_segment Palisade Wall x1 |
| 22:51 | Ux'BooM! · wall_segment Palisade Wall x1 |
| 22:53 | Ux'BooM! · wall_segment Palisade Wall x1 |
| 22:57 | Ux'BooM! · wall_segment Palisade Wall x1 |
| 23:32 | apNEA · wall_segment Palisade Wall x4 |
| 23:46 | Ux'BooM! · wall_segment Palisade Wall x1 |
| 23:46 | Torpedo · first_building Siege Workshop |
| 24:33 | mc 88 · first_building Monastery |
| 24:35 | TheRyan · first_market_sell 100 wood |
| 24:36 | hide1914 · first_market_buy 100 food |
| 25:33 | Ux'BooM! · wall_segment Palisade Wall x1 |
| 25:34 | Ux'BooM! · wall_segment Palisade Wall x1 |
| 26:05 | Ux'BooM! · wall_segment Palisade Wall x1 |
| 26:26 | apNEA · wall_segment Palisade Wall x11 |
| 26:46 | Ux'BooM! · wall_segment Stone Wall x1 |
| 26:47 | Ux'BooM! · wall_segment Stone Wall x1 |
| 26:48 | Ux'BooM! · wall_segment Stone Wall x1 |
| 26:48 | Ux'BooM! · wall_segment Stone Wall x1 |
| 26:49 | Ux'BooM! · wall_segment Stone Wall x1 |
| 26:51 | Ux'BooM! · wall_segment Stone Wall x1 |
| 27:04 | Ux'BooM! · wall_segment Stone Wall x1 |
| 27:04 | Ux'BooM! · wall_segment Stone Wall x1 |
| 27:05 | Ux'BooM! · wall_segment Stone Wall x1 |
| 27:11 | Ux'BooM! · wall_segment Stone Wall x7 |
| 27:18 | TheRyan · age_up castle |
| 27:52 | mc 88 · first_market_buy 100 food |
| 28:06 | Torpedo · first_building Monastery |
| 28:24 | Ux'BooM! · age_up castle |
| 29:08 | apNEA · wall_segment Stone Wall x9 |
| 30:19 | Ux'BooM! · first_building Castle |
| 31:53 | Zni.Locuss · first_building Castle |
| 32:24 | Zni.Locuss · first_building Archery Range |
| 32:29 | _luN · first_market_buy 100 food |
| 33:08 | _luN · first_building Barracks |
| 33:46 | Zni.Locuss · wall_segment Stone Wall x1 |
| 33:47 | Zni.Locuss · wall_segment Stone Wall x1 |
| 34:31 | hide1914 · resign |
[ ANÁLISIS IA · 1 CRÉDITO ]
¿Qué pasó realmente en esta partida?
Wolo.gg analiza cada decisión: build order, eco, micro, errores típicos por bracket. Análisis personalizado por WhatsApp o Discord en 30 segundos.
Guía civ
Yurchen
Perfil
Jugador #1853056